Map: Thunderbird LE

Players

souL - Winner!

  • Race: Terran Terran
  • Spawn Location: 11:00

GhostHell

  • Race: Zerg Zerg
  • Spawn Location: 5:00

Event: 2019 WCS Summer

VOD

Have the link to the VOD?

Description

Time

  • Played on: July 12, 2019, 8:03 a.m.
  • Length: 12:27

All games in this series

Show
View Real Time Build Order
Export as new Build Order

souL Terran - Winner!

Build Orders: Gas First Reaper Expand, Banshee Rush 

Get SALT Encoding   

  12  0:00  SCV  
  13  0:13  SCV  
  14  0:17  Supply Depot  
  14  0:25  SCV  
  14  0:28  Refinery  
  15  0:38  SCV  
  16  0:44  Barracks  
  16  0:51  SCV  
  17  1:03  SCV  
  18  1:15  SCV  
  19  1:31  Orbital Command, Reaper  
  20  1:42  Command Center  
  20  1:54  Factory  
  20  1:57  SCV  
  21  2:06  Supply Depot  
  21  2:08  Barracks Reactor  
  21  2:12  SCV  
  22  2:15  Refinery  
  22  2:24  SCV  
  24  2:37  SCV  
  24  2:46  Starport  
  24  2:49  SCV  
  25  2:52  Hellion x2  
  25  2:57  Orbital Command  
  29  3:01  SCV  
  29  3:03  Barracks Tech Lab  
  29  3:13  SCV, Hellion  
  29  3:17  Hellion  
  34  3:24  SCV  
  34  3:25  SCV  
  36  3:28  Cloaking Field  
  36  3:32  Banshee  
  39  3:34  Marine  
  39  3:37  SCV  
  39  3:39  SCV  
  41  3:49  SCV  
  41  3:51  SCV, Supply Depot  
  41  3:53  Supply Depot  
  41  3:55  Barracks Tech Lab  
  43  4:01  SCV  
  46  4:07  SCV  
  45  4:13  Marine  
  45  4:14  Stimpack, SCV  
  45  4:15  Banshee  
  50  4:19  SCV  
  50  4:23  Factory Reactor  
  51  4:26  SCV  
  51  4:27  Barracks  
  51  4:30  Barracks  
  52  4:31  Marine, SCV  
  55  4:38  SCV  
  55  4:42  Supply Depot  
  55  4:46  Command Center  
  55  4:51  SCV x2  
  57  4:53  Marine  
  57  4:54  Supply Depot  
  58  5:03  SCV x2  
  60  5:12  Engineering Bay  
  60  5:13  Engineering Bay  
  60  5:14  Refinery  
  60  5:15  Refinery, Starport Reactor, SCV x2  
  60  5:16  Marine x2  
  64  5:26  Supply Depot  
  64  5:27  SCV  
  64  5:28  SCV  
  66  5:30  Siege Tank  
  66  5:33  Marine  
  66  5:34  Marine x3  
  66  5:35  Marine  
  73  5:40  SCV  
  73  5:41  Terran Infantry Weapons Level 1  
  75  5:45  Terran Infantry Armor Level 1  
  75  5:47  SCV  
  76  5:51  Marine x3  
  76  5:56  Medivac x2  
  83  5:57  Supply Depot  
  83  6:00  SCV x2  
  83  6:04  Marine  
  86  6:05  Marine  
  86  6:09  Marine, Liberator  
  88  6:12  SCV  
  88  6:15  SCV  
  91  6:21  Marine  
  91  6:22  Siege Tank  
  91  6:24  SCV  
  91  6:25  Orbital Command  
  95  6:26  Marine, Medivac  
  95  6:27  SCV  
  95  6:28  Marine  
  95  6:32  Marine  
  104  6:35  Supply Depot  
  104  6:36  SCV  
  104  6:39  SCV  
  106  6:41  Combat Shield, Marine x2  
  106  6:44  Marine  
  109  6:56  Supply Depot  
  109  6:57  Marine, SCV x3  
  109  6:58  Marine  
  109  7:00  Armory  
  109  7:01  Marine x2  
  111  7:07  Marine  
  103  7:09  SCV x3  
  103  7:14  Marine  
  107  7:16  Marine, Medivac x2  
  107  7:18  Supply Depot  
  107  7:19  Marine x2  
  107  7:21  SCV x2, Supply Depot  
  117  7:25  Supply Depot  
  117  7:26  Siege Tank  
  117  7:27  Marine  
  121  7:33  SCV  
  121  7:35  Barracks  
  121  7:36  Barracks  
  121  7:40  Marine x4  
  125  7:44  Marine  
  125  7:50  SCV  
  127  7:58  Marine x4, Command Center  
  131  8:02  Marine  
  129  8:15  Marine  
  129  8:16  Marine x3  
  121  8:20  Marine  
  121  8:26  Refinery  
  121  8:27  Terran Infantry Weapons Level 2, Refinery, Terran Infantry Armor Level 2  
  122  8:29  Factory  
  122  8:30  Barracks Reactor x2  
  122  8:33  Marine x4  
  126  8:36  SCV  
  126  8:38  Marine, SCV  
  129  8:49  SCV x2  
  129  8:51  Marine x4, Medivac x2  
  138  8:56  Marine  
  138  8:59  SCV  
  138  9:02  SCV  
  141  9:08  Marine  
  141  9:09  Marine x4  
  141  9:13  Marine  
  141  9:15  Marine x3  
  140  9:21  Medivac x2  
  140  9:25  Siege Tank, Marine  
  140  9:26  Barracks  
  140  9:27  Barracks, Marine x4, SCV  
  140  9:28  SCV x2  
  151  9:31  Marine  
  151  9:33  Marine x3  
  151  9:36  Sensor Tower  
  155  9:39  SCV  
  155  9:40  SCV  
  155  9:43  Marine  
  155  9:45  Marine x4  
  162  9:49  Marine  
  162  9:50  Marine  
  163  9:52  Marine  
  164  10:01  Planetary Fortress  
  164  10:06  Supply Depot  
  164  10:08  Supply Depot  
  164  10:11  Factory Tech Lab, Siege Tank, Marine x5, Terran Vehicle And Ship Armor Level 1  
  164  10:12  Barracks  
  172  10:17  Concussive Shells  
  172  10:18  Barracks Tech Lab x2  
  172  10:22  Supply Depot x2  
  172  10:27  Marine x4  
  176  10:29  Marine  
  176  10:34  Marine  
  164  10:37  Marine x5  
  149  10:44  Siege Tank  
  149  10:46  Siege Tank  
  162  11:01  Barracks Tech Lab  
  162  11:02  Marauder x3, Marine x3  
  162  11:03  Command Center  
  157  11:10  Marine  
  158  11:15  Marine  
  158  11:16  Siege Tank  
  158  11:18  Siege Tank  
  165  11:21  Liberator  
  165  11:22  Liberator  
  165  11:23  Marauder x3  
  153  11:27  Marauder, Marine x2  
  160  11:45  Marauder x3, Refinery  
  166  11:47  Refinery  
  166  11:48  Siege Tank, Marine, Marauder  
  166  11:50  Siege Tank  
  175  11:59  Marine  
  176  12:06  Marauder x3  
Show
View Real Time Build Order
Export as new Build Order

GhostHell Zerg 

Build Orders: Hatch First 

Get SALT Encoding   

  12  0:00  Drone  
  13  0:12  Overlord  
  13  0:17  Drone  
  14  0:31  Drone  
  14  0:32  Drone  
  16  0:36  Drone  
  17  0:53  Hatchery  
  17  0:56  Drone  
  17  0:59  Drone  
  18  1:10  Extractor  
  17  1:14  Spawning Pool  
  17  1:15  Drone  
  17  1:19  Drone  
  18  1:28  Drone  
  19  1:41  Overlord  
  19  1:51  Drone  
  20  2:01  Queen  
  20  2:02  Zergling x2  
  20  2:05  Zergling x2, Queen  
  26  2:11  Metabolic Boost, Drone  
  27  2:17  Drone  
  28  2:24  Drone  
  28  2:26  Drone  
  30  2:32  Overlord  
  30  2:37  Queen  
  30  2:43  Queen  
  33  2:44  Drone  
  33  2:45  Drone  
  33  2:49  Overlord  
  35  2:57  Drone  
  36  3:01  Spore Crawler  
  36  3:03  Drone  
  37  3:09  Drone  
  37  3:10  Drone x4  
  42  3:13  Drone  
  42  3:15  Drone  
  42  3:18  Drone  
  45  3:20  Queen  
  47  3:27  Overlord  
  47  3:28  Drone x2  
  49  3:37  Hatchery  
  48  3:45  Queen  
  49  3:55  Queen  
  49  3:56  Zergling x12  
  57  4:03  Overlord  
  57  4:04  Drone  
  57  4:05  Zergling x2  
  59  4:24  Evolution Chamber  
  59  4:26  Evolution Chamber  
  59  4:29  Queen  
  59  4:30  Overlord  
  59  4:31  Queen  
  59  4:35  Drone x6  
  67  4:40  Overlord  
  67  4:44  Spore Crawler  
  66  4:47  Spore Crawler  
  66  4:50  Drone x2  
  66  4:51  Zerg Melee Weapons Level 1  
  66  4:52  Drone  
  68  4:54  Queen  
  68  4:56  Spore Crawler  
  68  5:01  Drone x4  
  70  5:13  Lair  
  68  5:14  Extractor  
  68  5:16  Extractor  
  68  5:17  Overlord  
  66  5:21  Drone  
  66  5:22  Drone x3  
  70  5:35  Drone x6  
  76  5:42  Zerg Ground Armor Level 1  
  76  5:50  Drone, Baneling Nest  
  76  5:52  Drone x5  
  76  5:53  Drone  
  76  5:55  Overlord  
  82  5:59  Drone x3  
  85  6:10  Overseer  
  85  6:13  Hatchery  
  80  6:24  Zergling x2  
  80  6:25  Zergling x20  
  91  6:36  Centrifical Hooks  
  91  6:37  Zergling x6  
  91  6:38  Zergling x6  
  97  6:40  Baneling x3  
  97  6:41  Baneling x6  
  96  6:52  Overlord  
  96  6:53  Overlord  
  96  6:55  Drone x2  
  93  7:09  Drone x2, Overseer  
  93  7:10  Zerg Melee Weapons Level 2  
  93  7:13  Drone x4, Extractor  
  93  7:14  Drone x3  
  101  7:16  Drone x3  
  101  7:17  Zergling x4, Hatchery  
  101  7:20  Pneumatized Carapace  
  105  7:23  Baneling  
  105  7:24  Baneling  
  105  7:27  Queen  
  107  7:37  Drone  
  107  7:38  Zergling x22  
  107  7:41  Baneling x2  
  116  7:51  Zerg Ground Armor Level 2  
  116  7:52  Overlord x2  
  108  8:12  Zergling x20  
  95  8:22  Zergling x2  
  95  8:23  Zergling x12  
  95  8:24  Baneling  
  95  8:25  Baneling x7  
  95  8:26  Baneling x2  
  100  8:28  Infestation Pit  
  100  8:29  Queen  
  100  8:33  Drone  
  100  8:34  Drone x3  
  105  8:35  Zergling x8  
  105  8:50  Zergling x12  
  99  9:01  Overseer  
  92  9:04  Zergling x2  
  92  9:05  Zergling x34  
  106  9:13  Zergling x2  
  106  9:14  Zergling x6  
  105  9:31  Hatchery  
  104  9:33  Hive  
  104  9:34  Baneling x5  
  104  9:35  Baneling x6  
  104  9:49  Hatchery  
  104  9:53  Hatchery  
  104  9:56  Zergling x8  
  104  9:57  Zergling x10  
  111  10:07  Zergling x2  
  111  10:08  Zergling x16  
  120  10:19  Zergling x14  
  127  10:21  Baneling x6  
  127  10:25  Baneling x5  
  126  10:28  Zergling x2  
  126  10:29  Zergling x4  
  116  10:41  Zergling x2  
  116  10:42  Zergling x18  
  100  10:56  Zergling x22  
  102  11:07  Baneling x2  
  102  11:08  Baneling  
  102  11:12  Drone  
  102  11:13  Drone x3  
  102  11:15  Zergling x12  
  109  11:25  Ultralisk Cavern  
  90  11:31  Drone x2  
  90  11:32  Drone  
  92  11:33  Queen  
  92  11:35  Zergling x8  
  92  11:39  Baneling x9  
  94  11:40  Baneling  
  94  11:48  Baneling x2  
  94  11:50  Zergling x16  
  102  11:56  Drone  
  102  11:57  Drone  
  103  12:06  Zergling x26  
  103  12:07  Zergling x2  
Tags
 
Add a new tag
Caveats
  • Supply blocks, unpowered buildings, or Contaminate may cause inaccurate times.
  • Supply counts are checked every 10 seconds.